 Dungeon Crawl Stone Soup version 0.23.2-40-g277498a001 (webtiles) character file.

Game seed: 8104574430966459010

353 ElTigreChino the Conjurer (level 6, 32/32 HPs)
             Began as a Deep Elf Conjurer on Apr 16, 2019.
             Quit the game on level 5 of the Dungeon on Aug 27, 2019.
             The game lasted 00:21:52 (4059 turns).

ElTigreChino the Conjurer (Deep Elf Conjurer)       Turns: 4059, Time: 00:21:52

Health: 32/32      AC:  4    Str:  5    XL:     6   Next: 35%
Magic:  10/16      EV: 14    Int: 26    God:
Gold:   181        SH:  0    Dex: 15    Spells: 10/16 levels left

rFire    . . .     SeeInvis .   z - +2 long sword (holy)
rCold    . . .     Gourm    .   (no shield)
rNeg     . . .     Faith    .   a - +0 robe
rPois    .         Spirit   .   k - +0 helmet
rElec    .         Reflect  .   g - +0 cloak
rCorr    .         Harm     .   (no gloves)
MR       .....                  (no boots)
Stlth    +++.......             (no amulet)
HPRegen  0.10/turn              i - +4 ring of intelligence
MPRegen  0.15/turn              (no ring)

@: no status effects
A: no striking features
a: no special abilities


You were on level 5 of the Dungeon.
You were hungry.

You visited 1 branch of the dungeon, and saw 5 of its levels.

You collected 181 gold pieces.

Inventory:

Hand Weapons
 z - a +2 long sword of holy wrath (weapon)
Armour
 a - a +0 robe (worn)
 g - a +0 cloak (worn)
 k - a +0 helmet (worn)
Jewellery
 i - a +4 ring of intelligence (left hand)
 j - a +4 ring of dexterity
Wands
 u - a wand of acid (6)
 v - a wand of iceblast (9)
 x - a wand of flame (10)
 y - a wand of paralysis (9)
Scrolls
 b - 2 scrolls of identify
 d - a scroll of amnesia {unknown}
 e - 4 scrolls of teleportation {unknown}
 f - a scroll of fear {unknown}
 h - 3 scrolls of remove curse {unknown}
 m - a scroll of enchant armour {unknown}
 n - a scroll of enchant weapon {unknown}
 p - a scroll of magic mapping {unknown}
 q - a scroll of random uselessness {unknown}
Potions
 l - a potion of heal wounds {unknown}
 o - a potion of brilliance {unknown}
 r - a potion of flight {unknown}
 s - a potion of lignification {unknown}
 t - a potion of berserk rage {unknown}
 w - a potion of curing {unknown}
Comestibles
 c - 10 rations


   Skills:
 + Level 3.9 Dodging
 + Level 4.0 Stealth
 * Level 5.8 Spellcasting
 * Level 6.1 Conjurations


You had 10 spell levels left.
You knew the following spells:

 Your Spells              Type           Power        Failure   Level  Hunger
a - Magic Dart            Conj           ####         1%          1    None
b - Searing Ray           Conj           #####.       1%          2    None
c - Dazzling Spray        Conj/Hex       ###...       6%          3    None

Your spell library contained the following spells:

 Spells                   Type           Power        Failure   Level  Hunger
 Iskenderun's Mystic Bla  Conj           #####...     6%          4    ###....
 Force Lance              Conj/Tloc      ###.....     21%         4    ###....
 Fulminant Prism          Conj/Hex       ###.......   21%         4    ###....


Dungeon Overview and Level Annotations

Branches:
Dungeon (5/15)
 Temple: D:4-7

Altars:
Fedhas
Ru
Sif Muna
Trog


Message History

Aiming: Magic Dart (safe; 1% risk of failure)
Press: ? - help, Shift-Dir - straight line, f/p - ooze
Aim: an ooze (lightly wounded)
The magic dart hits the ooze.
The ooze is heavily wounded.
Casting: Magic Dart (safe; 1% risk of failure)
Confirm with . or Enter, or press ? or * to list all spells.
Aiming: Magic Dart (safe; 1% risk of failure)
Press: ? - help, Shift-Dir - straight line, f/p - ooze
Aim: an ooze (heavily wounded)
The magic dart hits the ooze!
You kill the ooze!
Casting: Magic Dart (safe; 1% risk of failure)
Confirm with . or Enter, or press ? or * to list all spells.
Okay, then.
You start resting.
You are feeling hungry.
Welcome back, ElTigreChino the Deep Elf Conjurer.
Press ? for a list of commands and other information.
Are you sure you want to abandon this character and quit the game? (Confirm with "yes".)

#.# #...# ( ##.#.#.##
.. ###.##.##†####$
#(............
#.#.##.##.#.##
######....#.#@#...##.#
#......<.............#
#.#.........###....#...
#...##[###.............
#.. #.. ....####.....##
# #..###.## ....... #).
#.# ....... #!. #.#
....... ... ..# ##.##).


There were no monsters in sight!

Vanquished Creatures
  An ogre (D:4)
  2 orc wizards (D:5)
  Robin (D:3)
  7 adders
  4 gnolls
  An ooze (D:5)
  An adder skeleton (D:4)
  3 worms
  3 dart slugs
  A leopard gecko (D:4)
  4 orcs
  A giant cockroach (D:4)
  19 goblins
  11 hobgoblins
  6 jackals
  2 ball pythons (D:1)
  2 bats
  6 frilled lizards
  2 kobolds (D:2)
  12 rats
89 creatures vanquished.

Notes
Turn   | Place    | Note
-------+----------+-------------------------------------------
     0 | D:1      | ElTigreChino the Deep Elf Conjurer began the quest for the
                  | Orb.
     0 | D:1      | Reached XP level 1. HP: 10/10 MP: 6/6
   166 | D:1      | Reached XP level 2. HP: 15/15 MP: 0/8
   203 | D:1      | Learned a level 2 spell: Searing Ray
   649 | D:1      | Reached XP level 3. HP: 19/19 MP: 6/10
   752 | D:1      | Learned a level 3 spell: Dazzling Spray
   970 | D:2      | Found a sacrificial altar of Ru.
  1026 | D:2      | Found a faded altar of an unknown god.
  1365 | D:2      | Reached skill level 5 in Conjurations
  1558 | D:2      | Reached XP level 4. HP: 24/24 MP: 8/12
  1573 | D:2      | Found a deep blue altar of Sif Muna.
  1798 | D:3      | Noticed Robin
  1958 | D:3      | Killed Robin
  2862 | D:4      | Reached XP level 5. HP: 17/28 MP: 5/14
  3116 | D:4      | Found a blossoming altar of Fedhas.
  3148 | D:4      | Noticed an ogre
  3170 | D:4      | Killed an ogre
  3170 | D:4      | Reached skill level 5 in Spellcasting
  3638 | D:4      | Noticed a moth of wrath
  3641 | D:4      | Found a bloodstained altar of Trog.
  3714 | D:4      | Reached XP level 6. HP: 32/32 MP: 3/16
  3967 | D:5      | Entered Level 5 of the Dungeon
  3996 | D:5      | Reached skill level 6 in Conjurations
  4059 | D:5      | Upgraded the game from 0.23.2-1-ga50397a6bc to
                  | 0.23.2-40-g277498a001
  4059 | D:5      | Quit the game

Skill      XL: |  1  2  3  4  5  6 |
---------------+-------------------+-----
Spellcasting   | 4 5 |  5.8
Stealth        | 3 4 |  4.0
Dodging        | 3 |  3.9
Conjurations   | 5 6 |  6.1

Action                   |  1- 3 |  4- 6 || total
-------------------------+-------+-------++-------
 Cast: Magic Dart        |    75 |   109 ||   184
       Searing Ray       |     8 |     5 ||    13
  Use: Scroll            |       |     5 ||     5
  Eat: Chunk             |     2 |     7 ||     9
Armor: Robe              |     2 |     4 ||     6
Dodge: Dodged            |     8 |    14 ||    22
